 Dungeon Crawl Stone Soup version 0.30-a0-802-gb92711bcdf (webtiles) character file.

Game seed: 3999801575946894084

2107 cforsyth the Covert (level 9, -6/56 HPs)
             Began as a Kobold Brigand on Feb 25, 2023.
             Mangled by a wyvern (14 damage)
             ... on level 6 of the Dungeon.
             The game lasted 00:05:32 (5056 turns).

cforsyth the Covert (Kobold Brigand)                Turns: 5056, Time: 00:05:32

Health: -6/56      AC:  6    Str:  8    XL:     9   Next: 53%
Magic:  9/9        EV: 19    Int: 13    God:
Gold:   378        SH:  0    Dex: 20    Spells: 8/8 levels left

rFire   . . .      SeeInvis .    o - +1 dagger (venom)
rCold   . . .      Faith    .    (no shield)
rNeg    . . .      Spirit   .    B - +0 steam dragon scales
rPois   .          Reflect  .    (no helmet)
rElec   .          Harm     .    c - +0 cloak
rCorr   .          Rampage  .    (no gloves)
Will    .....                    (no boots)
Stlth   ++++++                   (no amulet)
HPRegen 0.29/turn                (no ring)
MPRegen 0.11/turn                (no ring)

@: about to teleport
A: small, no large weapons, nightstalker 3
a: no special abilities


You were on level 6 of the Dungeon.
You visited 1 branch of the dungeon, and saw 6 of its levels.

You collected 378 gold pieces.

Inventory:

Hand Weapons
 a - a +2 dagger
 o - a +1 dagger of venom (weapon)
Missiles
 d - 20 poisoned darts (quivered)
 e - 3 curare-tipped darts
Armour
 c - a +0 cloak (worn)
 B - +0 steam dragon scales (worn)
Jewellery
 p - a ring of fire
 s - a ring of fire
Wands
 b - a wand of iceblast (4)
 A - a wand of light (22)
Scrolls
 f - 2 scrolls of fog {unknown}
 h - 2 scrolls of teleportation
 i - 5 scrolls of fear {unknown}
 k - 2 scrolls of enchant armour {unknown}
 m - 9 scrolls of identify {unknown}
 t - a scroll of poison {unknown}
 y - a scroll of silence {unknown}
 D - a scroll of noise {unknown}
 E - a scroll of magic mapping {unknown}
Potions
 g - a potion of berserk rage {unknown}
 j - 3 potions of might {unknown}
 l - a potion of mutation {unknown}
 n - 3 potions of flight {unknown}
 q - a potion of heal wounds {unknown}
 r - a potion of experience {unknown}
 u - 3 potions of curing {unknown}
 v - 2 potions of cancellation {unknown}
 w - 2 potions of brilliance {unknown}
 x - a potion of attraction {unknown}
 z - a potion of degeneration {unknown}
 C - 2 potions of haste


   Skills:
 + Level 6.8 Fighting
 + Level 8.2 Short Blades
 - Level 2.1 Throwing
 + Level 7.2 Dodging
 + Level 10.0 Stealth


You had 8 spell levels left.
You didn't know any spells.
Your spell library contained the following spells:

 Spells                   Type           Power      Damage    Failure   Level
 Blink                    Tloc           0%         N/A       43%         2
 Cigotuvi's Dreadful Rot  Necr/Pois/Air  0%         N/A       43%         2
 Lesser Beckoning         Tloc           0%         N/A       43%         2
 Momentum Strike          Conj/Tloc      0%         3d8       43%         2
 Poisonous Vapours        Pois/Air       0%         N/A       43%         2
 Mephitic Cloud           Conj/Pois/Air  0%         N/A       67%         3
 Ozocubu's Armour         Ice            0%         N/A       67%         3
 Manifold Assault         Tloc           0%         N/A       97%         4
 Metabolic Englaciation   Hex/Ice        0%         N/A       100%        5
 Dispersal                Tloc           0%         N/A       100%        6
 Simulacrum               Ice/Necr       0%         N/A       100%        6
 Disjunction              Tloc           0%         N/A       100%        8


Dungeon Overview and Level Annotations

Branches:
Dungeon (6/15)             Temple (0/1) D:5

Altars:
Qazlal
Ru
Zin

Annotations:
D:2 1 runed translucent door, Crazy Yiuf


Innate Abilities, Weirdness & Mutations

You are small and have problems with some larger weapons.
You are completely attuned to the shadows.


Message History

The wyvern barely misses you.
You hit the orc warrior.
The orc warrior is almost dead.
You kill the orc warrior!
The wyvern misses you.
You hit the wyvern but do no damage.
The wyvern is poisoned.
The wyvern barely misses you.
You completely miss the wyvern.
The wyvern is lightly wounded.
The hound misses you. The wyvern barely misses you.
You barely miss the wyvern.
The wyvern is lightly wounded.
The hound misses you. The wyvern bites you!
You are too injured to fight recklessly!
You are too injured to fight recklessly!
You are too injured to fight recklessly!
You are too injured to fight recklessly!
You are too injured to fight recklessly!
You are too injured to fight recklessly!
You are too injured to fight recklessly!
You are too injured to fight recklessly!
You hit the hound.
The hound is lightly wounded.
The hound misses you. The wyvern completely misses you.
You hit the wyvern but do no damage.
The wyvern looks as sick as possible!
The wyvern is lightly wounded.
The hound barely misses you.
You closely miss the wyvern.
The wyvern is lightly wounded.
The wyvern barely misses you. The hound bites you.
* * * LOW HITPOINT WARNING * * *
Okay, then.
As you read the scroll of teleportation, it crumbles to dust.
You feel strangely unstable. The wyvern completely misses you.
The hound barely misses you. The wyvern bites you!
* * * LOW HITPOINT WARNING * * *
You hit the wyvern but do no damage.
The wyvern looks as sick as possible!
The wyvern is moderately wounded.
The hound bites you but does no damage. The wyvern bites you!
You die...

####.##### #.###
#...### ####.##. #l.
.....##. ##..#
###..##. ##...#
#..... PP...######
##.##. $$..)l@h...
#.##. $$...###### #.
#.##. $$.P.#
#.####.##. P..).#
#......... .#.#.#
###..###.###
...#.#### #........#
#.......####.#..#####
#................#
#....<..####.....####


You could see a wyvern (extremely poisoned) and a hound.

Vanquished Creatures
  Pikel (D:6)
  Prince Ribbit (D:6)
  Eustachio (D:6)
  A steam dragon (D:6)
  Menkaure (D:6)
  A water moccasin (D:6)
  A black bear (D:4)
  An orc warrior (D:6)
  An ice beast (D:6)
  A centaur (D:6)
  A lemure (D:6)
  A bullfrog (D:6)
  A scorpion (D:5)
  2 hounds
  An orc priest (D:6)
  An iguana (D:6)
  3 orc wizards
  4 gnolls (D:6)
  10 adders
  2 white imps
  An ufetubus (D:4)
  2 dart slugs
  15 orcs
  5 endoplasms
  3 giant cockroaches
  11 goblins
  9 hobgoblins
  3 jackals (D:1)
  2 quokkas
  5 ball pythons (D:1)
  6 bats
  8 frilled lizards
  5 kobolds
  6 rats
117 creatures vanquished.

Vanquished Creatures (others)
  6 fungi (D:6)
  4 toadstools (D:6)
10 creatures vanquished.

Grand Total: 127 creatures vanquished

Notes
Turn   | Place    | Note
-------+----------+-------------------------------------------
     0 | D:1      | cforsyth the Kobold Brigand began the quest for the Orb.
     0 | D:1      | Reached XP level 1. HP: 12/12 MP: 1/1
   198 | D:1      | Reached XP level 2. HP: 18/18 MP: 2/2
   476 | D:1      | Reached XP level 3. HP: 22/22 MP: 3/3
  1160 | D:2      | Reached XP level 4. HP: 27/27 MP: 4/4
  1290 | D:2      | Reached skill level 6 in Stealth
  1810 | D:2      | Found a runed translucent door.
  1813 | D:2      | Noticed Crazy Yiuf
  1888 | D:3      | Found a glowing silver altar of Zin.
  1907 | D:3      | Reached XP level 5. HP: 32/32 MP: 5/5
  2131 | D:3      | Found a stormy altar of Qazlal.
  2131 | D:3      | Found a sacrificial altar of Ru.
  2435 | D:4      | Noticed a black bear
  2439 | D:4      | Killed a black bear
  2440 | D:4      | Reached XP level 6. HP: 38/38 MP: 6/6
  2584 | D:4      | Reached skill level 7 in Stealth
  3320 | D:5      | Entered Level 5 of the Dungeon
  3432 | D:5      | Reached skill level 5 in Short Blades
  3438 | D:5      | Reached XP level 7. HP: 8/43 MP: 7/7
  4079 | D:5      | Found a staircase to the Ecumenical Temple.
  4374 | D:6      | Noticed a steam dragon
  4378 | D:6      | Killed a steam dragon
  4658 | D:6      | Noticed Pikel
  4661 | D:6      | Killed Pikel
  4662 | D:6      | Reached skill level 5 in Fighting
  4662 | D:6      | Reached skill level 5 in Dodging
  4662 | D:6      | Reached skill level 8 in Stealth
  4662 | D:6      | Reached XP level 8. HP: 50/50 MP: 8/8
  4762 | D:6      | Noticed Menkaure
  4766 | D:6      | Killed Menkaure
  4767 | D:6      | Reached skill level 9 in Stealth
  4772 | D:6      | Reached XP level 9. HP: 55/55 MP: 9/9
  4782 | D:6      | Noticed Prince Ribbit
  4786 | D:6      | Killed Prince Ribbit
  4845 | D:6      | Noticed Eustachio
  4880 | D:6      | Killed Eustachio
  5027 | D:6      | Reached skill level 10 in Stealth
  5056 | D:6      | Mangled by a wyvern

Illustrated notes

Levels and vault maps discovered:
D:1:      dpeg_arrival_oval, layout_loops_corners, st_stairs_3,
          serial_park_tiny_2, minmay_split_cup_large
D:2:      layout_loops_ring, uniq_crazy_yiuf_cottage
D:3:      layout_basic, nicolae_overflow_squiral, mainiacjoe_overflow_chevrons
D:4:      layout_cave_pools
D:5:      layout_basic, minmay_temple_entry_statues, serial_bayou_pond_a,
          minivault_19
D:6:      layout_loops_ring, minmay_misc_feat_rows, minmay_misc_feat_five,
          minmay_gold_behind_fungi, chequers_serial_rivers_micro_b, uniq_pikel,
          uniq_prince_ribbit1, uniq_menkaure, uniq_eustachio, uniq_duvessa

Skill      XL: |  1  2  3  4  5  6  7  8  9 |
---------------+----------------------------+-----
Short Blades   | 3 4 5 6 7 8 |  8.2
Dodging        | 2 3 4 5 6 7 |  7.2
Stealth        | 6 7 8 9 10 | 10.0
Fighting       | 3 4 5 6 |  6.8
Throwing       | |  2.1

Action                     |  1- 3 |  4- 6 |  7- 9 || total
---------------------------+-------+-------+-------++-------
  Melee: Dagger            |    77 |   154 |   143 ||   374
         Punch             |       |     1 |     2 ||     3
    Use: Potion            |       |     2 |       ||     2
         Scroll            |       |     1 |     1 ||     2
   Stab: Sleeping          |    18 |    20 |    13 ||    51
         Distracted        |       |     1 |     1 ||     2
 Armour: Robe              |    11 |    14 |       ||    25
         Steam dragon scal |       |       |    10 ||    10
  Dodge: Dodged            |    56 |    81 |   103 ||   240

Table legend: (Time is in decaauts)
 A = Elapsed time spent in this place.
 B = Non-inter-level travel time spent in this place.
 C = Inter-level travel time spent in this place.
 D = Time resting spent in this place.
 E = Time spent auto-exploring this place.
 F = Levels seen in this place.
 G = Mean time per level.
                   A        B        C        D        E       F      G
               +--------+--------+--------+--------+--------+-----+--------+
         Total |   4946 |   4856 |     90 |    534 |   3574 |   6 |  824.3 |
       Dungeon |   4946 |   4856 |     90 |    534 |   3574 |   6 |  824.3 |
               +--------+--------+--------+--------+--------+-----+--------+

Top non-repeatable levels by time:
     D:1: 1123 daAuts
     D:5: 1019 daAuts
     D:4: 926 daAuts
     D:2: 700 daAuts
     D:6: 638 daAuts
     D:3: 537 daAuts
